 Dungeon Crawl Stone Soup version 0.30.0-29-ga12c61a403 (webtiles) character file.

Game seed: 383512090521531637

200213 cheesebisquit the Imperceptible (level 17, -4/86 (90) HPs)
             Began as a Spriggan Enchanter on June 8, 2023.
             Was a High Priest of Dithmenos.
             Killed from afar by a nagaraja (47 damage)
             ... with a poison arrow
             ... on level 4 of the Snake Pit on June 9, 2023.
             The game lasted 05:14:48 (56894 turns).

cheesebisquit the Imperceptible (SpEn)             Turns: 56894, Time: 05:14:48

HP:   -4/86 (90)    AC: 12    Str:  6    XL:     17   Next: 87%
MP:   4/36          EV: 33    Int: 22    God:    Dithmenos [*****.]
Gold: 624           SH: 14    Dex: 28    Spells: 4/28 levels left

rFire   . . .        a - +4 rapier "Dragonslayer" {drain, Str+2 Dex+4}
rCold   . . .        X - +2 buckler {AC+3}
rNeg    . . .        z - +2 robe {Will+}
rPois   .            n - +2 hat
rElec   .            r - +2 cloak
rCorr   .            (gloves unavailable)
SInv    +            (boots unavailable)
Will    +++..        S - amulet of reflection Stlth *****+++++
                     L - ring of magical power
HPRegen 0.34/turn    A - +6 ring of dexterity
MPRegen 0.25/turn

%: reflection
@: lethally poisoned (-4 -> -35), wreathed by umbra, constricted, studying
Hexes, lightly drained, very quick
A: very small, no large weapons, unfitting armour, see invisible, speed 3
}: 1/15 runes: serpentine
a: Renounce Religion, Shadow Step, Shadow Form


You were on level 4 of the Snake Pit.
You worshipped Dithmenos.
Dithmenos was extremely pleased with you.
You visited 5 branches of the dungeon, and saw 27 of its levels.
You also visited: Ossuary.

You collected 2883 gold pieces.
You spent 2259 gold pieces at shops.

Inventory:

Hand Weapons
 a - the +4 rapier "Dragonslayer" (weapon) {drain, Str+2 Dex+4}
   (You bought it in a shop on level 1 of the Orcish Mines)

   Str:       It affects your strength (+2).
   Dex:       It affects your dexterity (+4).
 N - a +3 dagger of venom
 Q - a +2 short sword of electrocution
Missiles
 f - 4 boomerangs of dispersal
 w - 50 poisoned darts (quivered)
 y - 12 throwing nets
 H - 8 curare-tipped darts
 K - 11 silver boomerangs
 V - 13 boomerangs
Armour
 n - a +2 hat (worn)
 r - a +2 cloak (worn)
 z - a +2 robe of willpower (worn)
 W - a +0 robe of resistance
 X - a +2 buckler of protection (worn)
Jewellery
 A - a +6 ring of dexterity (right hand)
 L - a ring of magical power (left hand)
 S - an amulet of reflection (around neck)
 Y - a ring of flight
Wands
 d - a wand of acid (27)
 p - a wand of charming (13)
 B - a wand of polymorph (39)
 M - a wand of flame (31)
 O - a wand of mindburst (16)
 P - a wand of iceblast (20)
 R - a wand of digging (20)
Scrolls
 g - 3 scrolls of teleportation
 i - 4 scrolls of vulnerability
 k - a scroll of torment
 m - 3 scrolls of magic mapping
 q - 2 scrolls of amnesia
 u - 6 scrolls of immolation
 C - 3 scrolls of enchant weapon
 D - 3 scrolls of fear
 E - 3 scrolls of fog
 I - 3 scrolls of silence
 J - 2 scrolls of summoning
Potions
 e - 4 potions of might
 h - 9 potions of curing
 j - 2 potions of mutation
 l - 6 potions of haste
 o - 4 potions of magic
 s - a potion of flight
 t - 5 potions of brilliance
 v - 3 potions of lignification
 x - 10 potions of attraction
 F - 6 potions of ambrosia
 G - 4 potions of cancellation
 Z - a potion of heal wounds
Miscellaneous
 T - a lightning rod (4/4)
 U - a tin of tremorstones (2/2)


   Skills:
 + Level 10.4 Fighting
 - Level 14.0 Short Blades
 + Level 15.6 Dodging
 + Level 24.6 Stealth
 - Level 5.0 Shields
 - Level 6.0 Spellcasting
 + Level 18.5 Hexes
 + Level 4.0 Transmutations
 - Level 5.0 Ice Magic
 + Level 2.8 Earth Magic
 - Level 12.0 Invocations


You had 4 spell levels left.
You knew the following spells:

 Your Spells              Type           Power      Damage    Failure   Level
a - Ensorcelled Hibernat  Hex/Ice        100%       N/A       1%          2
b - Tukima's Dance        Hex            73%        N/A       1%          3
c - Metabolic Englaciati  Hex/Ice        27%        N/A       3%          5
d - Dazzling Flash        Conj/Hex       94%        N/A       1%          3
e - Slow                  Hex            100%       N/A       0%          1
f - Silence               Hex/Air        23%        N/A       9%          5
g - Passwall              Tmut/Erth      17%        N/A       5%          2
z - Confusing Touch       Hex            73%        N/A       1%          3

Your spell library contained the following spells:

 Spells                   Type           Power      Damage    Failure   Level
 Freeze                   Ice            100%       1d10      1%          1
 Sandblast                Erth           38%        2d10      4%          1
 Frozen Ramparts          Ice            56%        1d9       5%          3
 Ozocubu's Armour         Ice            28%        N/A       5%          3
 Sting                    Tmut/Pois      60%        1d6       6%          1
 Hailstorm                Conj/Ice       17%        3d6       16%         3
 Cigotuvi's Dreadful Rot  Necr/Pois/Air  12%        N/A       22%         2
 Poisonous Vapours        Pois/Air       12%        N/A       22%         2
 Scorch                   Fire           12%        2d5       22%         2
 Stone Arrow              Conj/Erth      24%        3d8       24%         3
 Vampiric Draining        Necr           6%         2d6       41%         3
 Vhi's Electric Charge    Tloc/Air       12%        N/A       41%         3
 Volatile Blastmotes      Fire/Tloc      12%        2d11      41%         3
 Dispel Undead            Necr           6%         3d8       82%         4
 Flame Wave               Conj/Fire      6%         2d5       82%         4
 Iskenderun's Mystic Bla  Conj/Tloc      6%         2d4       82%         4
 Manifold Assault         Tloc           6%         N/A       82%         4
 Olgreb's Toxic Radiance  Pois           6%         N/A       82%         4
 Blade Hands              Tmut           12%        N/A       61%         5
 Irradiate                Conj/Tmut      7%         3d14      87%         5
 Agony                    Necr           6%         N/A       99%         5
 Arcjolt                  Conj/Air       3%         1d13      99%         5
 Death Channel            Necr           3%         N/A       100%        6
 Dispersal                Tloc           3%         N/A       100%        6
 Plasma Beam              Fire/Air       3%         2x1d14    100%        6
 Simulacrum               Ice/Necr       8%         N/A       100%        6
 Starburst                Conj/Fire      3%         6d3       100%        6
 Summon Cactus Giant      Summ           3%         N/A       100%        6
 Dragon Form              Tmut           12%        N/A       100%        7
 Disjunction              Tloc           3%         N/A       100%        8


Dungeon Overview and Level Annotations

Branches:
Dungeon (15/15)            Temple (1/1) D:7            Lair (5/5) D:10
  Swamp (0/4) Lair:2        Snake (4/4) Lair:2        Slime (0/5) Lair:4
    Orc (2/2) D:12            Elf (0/3) Orc:2        Vaults (0/5) D:13
 Depths (0/4) D:15        Ossuary (visited)

Altars:
Ashenzari
Cheibriados
Dithmenos
Elyvilon
Fedhas
Gozag
Hepliaklqana
Kikubaaqudgha
Makhleb
Nemelex Xobeh
Okawaru
Qazlal
Ru
Sif Muna
Trog
Uskayaw
Vehumet
Wu Jian
Xom
Yredelemnul
Zin
The Shining One
Jiyva
Lugonu

Shops:
D:6 *   D:12 [   Orc:1 (*   Orc:2 !(((   Snake:1 *   Snake:2 [=

Portals:
Abyss: Lair:5
Trove: D:15 (give 6 scrolls of blinking)

Annotations:
D:13 2 transporters, Temous's ghost, journeyman HuFi
D:14 3 runed translucent doors
Snake:2 2 runed translucent doors, Sagen's ghost, adept DrCj


Innate Abilities, Weirdness & Mutations

You are very small and have problems with some larger weapons.
You are too small for most types of armour.
You have supernaturally acute eyesight. (SInv)
You cover ground extremely quickly. (Speed+++)


Message History

The nagaraja is poisoned.
Casting: Ensorcelled Hibernation (safe; 1% risk of failure)
Confirm with . or Enter, or press ? or * to list all spells.
You don't have enough magic to cast this spell.
You puncture the nagaraja! You drain the nagaraja.
The nagaraja is severely wounded.
The nagaraja completely misses you. The nagaraja grabs you.
The nagaraja constricts you.
You escape the nagaraja's grasp.
The nagaraja spits poison at you.
You block splash of poison... and reflect it back!
The splash of poison hits the nagaraja.
There is an open door here.
The nagaraja points at you and mumbles some strange words.
The bolt of poison hits you!!
You are poisoned.
The quicksilver dragon roars deafeningly!
You feel sick.
The nagaraja hits you with a +0 whip of draining!!
* * * LOW HITPOINT WARNING * * *
You feel drained.
* * * LOW HITPOINT WARNING * * *
The nagaraja grabs you. The nagaraja constricts you.
* * * LOW HITPOINT WARNING * * *
You feel better. The nagaraja spits poison at you.
The splash of poison hits you but does no damage.
You are poisoned.
The nagaraja constricts you.
* * * LOW HITPOINT WARNING * * *
Okay, then.
Okay, then.
You feel much better.
You feel sick. The nagaraja misses you. The nagaraja constricts you.
You block the quicksilver dragon's attack. x2
The nagaraja points at you and mumbles some strange words.
The poison arrow hits you!!!
You are more poisoned.
Ouch! That really hurt!
You die...

...#####............... ........
....##...............###.........
.....................'.'.........
'##.........###......#'#.........
..##........#.'.............).#'#
...#.......#'.#.......... ..###..
...#.......#..##.....## ..#....
..##.......#.. #ND..## ##.#....
#N#....D...##.##@..## ##..#....
.SN.........###....# ##...###.
.N...#.............# ##......###
...................####..........
...................#.............
...........................#'####
...D.).....###.........)####))##.
.###...[...# ##....)....#..).)...
.'.'..)....#
###..####..##.รท.)...


You could see a quicksilver dragon and a nagaraja (fast, poisoned, catching
breath, drained).

Vanquished Creatures
  Bai Suzhen (Snake:4)
  2 nagarajas (Snake:4)
  Aizul (Snake:4)
  Louise (Snake:1)
  2 stone giants (Orc:2)
  Nessos (D:12)
  Azrael (D:12)
  An ettin (D:15)
  A fire dragon (D:15)
  Josephine (Orc:1)
  Harold (D:10)
  A vault guard (D:13)
  5 salamander tyrants
  Fannar (D:11)
  8 hydras
  3 catoblepae (Lair:5)
  8 anacondas
  5 two-headed ogres
  4 boulder beetles
  Erica (D:9)
  15 naga warriors
  3 centaur warriors
  6 death yaks
  18 naga sharpshooters
  An orc high priest (Orc:2)
  2 thrashing horrors (Lair:5)
  Sonja (D:10)
  6 shock serpents
  3 skysharks
  2 salamander mystics
  2 deep trolls (D:15)
  3 sea snakes (Snake:3)
  3 large abominations (Lair:5)
  5 naga ritualists
  2 bog bodies (Lair:2)
  4 wizards
  3 spriggan simulacra (D:14)
  6 deep elf zephyrmancers
  7 mana vipers
  8 deep elf pyromancers
  5 cyclopes
  2 orc sorcerers (Orc:2)
  A necromancer (D:13)
  9 orc knights
  17 salamanders
  4 manticores (D:11)
  19 ugly things
  13 guardian serpents
  A guardian serpent (shapeshifter) (Lair:5)
  10 elephants
  Maurice (D:12)
  16 cane toads
  A smoke demon (Lair:5)
  32 black mambas
  3 dancing weapons
  A gargoyle (D:6)
  11 naga magi
  A yaktaur (D:14)
  2 unseen horrors
  A komodo dragon (shapeshifter) (Lair:4)
  A kobold demonologist (D:9)
  An anaconda simulacrum (D:14)
  Psyche (D:11)
  10 komodo dragons
  3 tengu conjurers
  2 rime drakes
  An efreet (D:15)
  An ancient zyme (Lair:5)
  A merfolk (D:11)
  A queen bee (D:10)
  4 trolls
  3 hornets
  25 blink frogs
  4 saltlings (Orc:2)
  12 dream sheep
  2 shadows
  24 slime creatures
  A vampire (D:13)
  5 spriggans
  2 water elementals (D:11)
  55 yaks
  8 wyverns
  A dire elephant simulacrum (D:14)
  6 wraiths
  5 basilisks
  3 ynoxinuls (Lair:5)
  6 hogs
  19 humans
  4 fire elementals (D:12)
  A chaos spawn (Lair:5)
  2 steam dragons
  5 vampire mosquitoes
  2 swamp worms (Lair:2)
  Menkaure (Ossuary)
  3 wargs (Orc:2)
  29 nagas
  19 water moccasins
  3 acid dragons (D:13)
  Duvessa (D:4)
  3 hell hounds
  2 sky beasts (D:7)
  15 orc warriors
  10 black bears
  2 ice beasts
  23 wolves
  2 ogres
  8 centaurs
  A phantom (D:4)
  An elf zombie (Ossuary)
  6 kobold brigands
  18 bullfrogs
  3 gnoll sergeants
  4 scorpions
  3 deep troll simulacra (D:14)
  A wight (D:7)
  Dowan (D:4)
  11 small abominations (Lair:5)
  21 killer bees
  6 howler monkeys
  11 electric eels
  A centaur zombie (Ossuary)
  A hound (D:5)
  A human zombie (Ossuary)
  6 orc priests
  4 gnoll boudas
  3 jellies
  A sleepcap (D:6)
  4 iguanas
  12 orc wizards
  A statue (D:10)
  4 ogre zombies (Ossuary)
  6 mummies (Ossuary)
  13 gnolls
  15 adders
  A shadow imp (D:6)
  4 white imps
  2 ufetubi (D:5)
  5 adder zombies (Ossuary)
  2 worms
  3 dart slugs (D:3)
  43 orcs
  15 ball pythons
  5 endoplasms
  5 giant cockroaches
  6 goblins
  10 hobgoblins
  5 jackals
  3 quokkas
  6 bats
  6 frilled lizards
  5 goblin zombies (Ossuary)
  3 hobgoblin zombies (Ossuary)
  18 kobolds
  A kobold zombie (Ossuary)
  6 quokka zombies (Ossuary)
  3 rats
  3 rat zombies (Ossuary)
960 creatures vanquished.

Vanquished Creatures (collateral kills)
  2 two-headed ogres
  A tengu warrior (D:15)
  2 naga sharpshooters
  A salamander mystic (Snake:4)
  2 orc knights
  A deep elf zephyrmancer (Orc:2)
  2 salamanders
  Sigmund (D:2)
  2 wargs (Orc:2)
  10 nagas
  7 orc warriors
  A black bear (D:11)
  2 centaurs
  5 ogres
  2 kobold brigands
  A gnoll sergeant (D:12)
  2 wights (D:7)
  A howler monkey (D:12)
  5 orc priests
  Crazy Yiuf (D:5)
  An orc wizard (D:13)
  6 gnolls
  35 orcs
  9 kobolds
102 creatures vanquished.

Vanquished Creatures (others)
  A slime creature (D:13)
  102 dancing weapons
  A howler monkey (D:12)
  An orc wizard (D:10)
105 creatures vanquished.

Grand Total: 1167 creatures vanquished

Notes
Turn   | Place    | Note
-------+----------+-------------------------------------------
     0 | D:1      | cheesebisquit the Spriggan Enchanter began the quest for
                  | the Orb.
     0 | D:1      | Reached XP level 1. HP: 9/9 MP: 5/5
   264 | D:1      | Reached XP level 2. HP: 13/13 MP: 6/6
   267 | D:1      | Reached skill level 5 in Stealth
   270 | D:1      | Learned a level 2 spell: Ensorcelled Hibernation
   392 | D:1      | Found a faded altar of an unknown god.
  2199 | D:2      | Noticed Sigmund
  2235 | D:1      | Reached XP level 3. HP: 8/16 MP: 5/8
  2375 | D:2      | Learned a level 3 spell: Tukima's Dance
  2605 | D:2      | Reached skill level 6 in Stealth
  2729 | D:2      | Killed Sigmund
  2730 | D:2      | Reached skill level 7 in Stealth
  2730 | D:2      | Reached XP level 4. HP: 21/21 MP: 1/9
  2730 | D:2      | Reached XP level 5. HP: 24/24 MP: 1/10
  3697 | D:3      | Found a snail-covered altar of Cheibriados.
  3707 | D:3      | Reached skill level 8 in Stealth
  3725 | D:3      | Found a white marble altar of Elyvilon.
  3725 | D:3      | Found a stormy altar of Qazlal.
  3808 | D:3      | Identified the +2 scale mail "Mygo" {+Inv rF- rC+ Int+8}
  3956 | D:3      | Reached XP level 6. HP: 28/28 MP: 8/11
  4099 | D:3      | Found an iron altar of Okawaru.
  4245 | D:3      | Reached skill level 5 in Short Blades
  4412 | D:4      | Learned a level 3 spell: Confusing Touch
  4416 | D:4      | Learned a level 3 spell: Dazzling Flash
  4813 | D:4      | Noticed an ice beast
  4816 | D:4      | Killed an ice beast
  5070 | D:4      | Found a shadowy altar of Dithmenos.
  5079 | D:4      | Became a worshipper of Dithmenos the Shadowed
  5280 | D:4      | Reached skill level 5 in Hexes
  5280 | D:4      | Reached XP level 7. HP: 10/32 MP: 2/14
  5648 | D:4      | Noticed Dowan
  5649 | D:4      | Noticed Duvessa
  5831 | D:4      | Killed Duvessa
  5966 | D:4      | Killed Dowan
  6476 | D:5      | Entered Level 5 of the Dungeon
  6710 | D:5      | Found a sparkling altar of Nemelex Xobeh.
  7004 | D:5      | Reached skill level 1 in Fighting
  7004 | D:5      | Reached XP level 8. HP: 23/37 MP: 10/15
  7498 | D:5      | Found an ornate altar of the Wu Jian Council.
  7560 | D:5      | Found a runed translucent door.
  7561 | D:5      | Noticed Crazy Yiuf
  7812 | D:5      | Killed Crazy Yiuf
  8013 | D:5      | Reached * piety under Dithmenos
  8100 | D:5      | Found a sparkling altar of Nemelex Xobeh.
  8618 | D:5      | Found an ornate altar of the Wu Jian Council.
  9050 | D:6      | Reached skill level 5 in Dodging
  9574 | D:6      | Identified the +6 spear of the Fortifying Gods {freeze,
                  | rPois rCorr Str+5 Stlth-}
 10088 | D:6      | Reached ** piety under Dithmenos
 10097 | D:6      | Noticed a gargoyle
 10258 | D:6      | Noticed an unseen horror
 10578 | D:6      | Killed a gargoyle
 10579 | D:6      | Reached XP level 9. HP: 24/44 MP: 16/16
 10701 | D:6      | Reached skill level 9 in Stealth
 10869 | D:6      | Found Essozun's Assorted Antiques.
 10877 | D:6      | Bought a scroll of enchant armour for 150 gold pieces
 10877 | D:6      | Bought a runed copper wand for 80 gold pieces
 10877 | D:6      | Bought a lumpy golden potion for 18 gold pieces
 10877 | D:6      | Bought a scroll of identify for 40 gold pieces
 10881 | D:6      | Found a bloodstained altar of Trog.
 11146 | D:6      | Killed an unseen horror
 11615 | D:6      | Found Essozun's Assorted Antiques.
 11621 | D:6      | Found a bloodstained altar of Trog.
 11729 | D:7      | Reached skill level 10 in Stealth
 12025 | D:7      | Found a staircase to the Ecumenical Temple.
 12039 | Temple   | Entered the Ecumenical Temple
 12166 | D:7      | Reached skill level 11 in Stealth
 12940 | D:7      | Reached skill level 12 in Stealth
 13416 | D:8      | Found a sand-covered staircase.
 13421 | Ossuary  | Entered an ossuary
 13598 | Ossuary  | Noticed Menkaure
 13604 | Ossuary  | Killed Menkaure
 13604 | Ossuary  | Reached *** piety under Dithmenos
 13638 | Ossuary  | Reached XP level 10. HP: 49/49 MP: 8/17
 14576 | D:8      | Found a blossoming altar of Fedhas.
 14660 | D:8      | Found a glowing silver altar of Zin.
 14719 | D:8      | Reached **** piety under Dithmenos
 14720 | D:8      | Reached skill level 5 in Spellcasting
 15350 | D:9      | Noticed a two-headed ogre
 15406 | D:9      | Killed a two-headed ogre
 15564 | D:9      | Reached skill level 13 in Stealth
 15864 | D:9      | Noticed Erica
 15871 | D:9      | Killed Erica
 16273 | D:9      | Found a hide-covered altar of Uskayaw.
 16274 | D:9      | Found a sacrificial altar of Ru.
 16570 | D:8      | Reached XP level 11. HP: 50/54 MP: 21/21
 16848 | D:9      | Found a shimmering altar of Xom.
 17035 | D:10     | Entered Level 10 of the Dungeon
 17039 | D:10     | Noticed Harold
 17043 | D:10     | Killed Harold
 17052 | D:10     | Found a radiant altar of Vehumet.
 17096 | D:10     | Found a burning altar of Makhleb.
 17260 | D:10     | Reached skill level 10 in Dodging
 17263 | D:10     | Reached ***** piety under Dithmenos
 17269 | D:10     | Reached skill level 5 in Fighting
 17318 | D:10     | Noticed Sonja
 17320 | D:10     | Killed Sonja
 17321 | D:10     | Reached skill level 14 in Stealth
 17341 | D:10     | Reached skill level 10 in Hexes
 17614 | D:10     | Found a staircase to the Lair.
 18009 | D:10     | Reached skill level 10 in Short Blades
 18617 | D:11     | Noticed Psyche
 18622 | D:11     | Killed Psyche
 18727 | D:11     | Reached skill level 15 in Stealth
 18953 | D:11     | Reached XP level 12. HP: 61/61 MP: 14/22
 20349 | D:11     | Noticed a two-headed ogre
 20356 | D:11     | Killed a two-headed ogre
 20359 | D:11     | Noticed Fannar
 20659 | D:11     | Reached skill level 15 in Dodging
 20802 | D:11     | Killed Fannar
 20803 | D:11     | Reached skill level 1 in Invocations
 20841 | D:11     | Noticed a two-headed ogre
 20849 | D:11     | Killed a two-headed ogre
 21293 | D:11     | Noticed a two-headed ogre
 21311 | D:11     | Killed a two-headed ogre
 21567 | D:11     | Found a hazy altar of Hepliaklqana.
 22067 | D:12     | You fall into a shaft and drop 2 floors!
 22076 | D:14     | Found a runed translucent gate.
 22076 | D:14     | Found a runed translucent gate.
 22077 | D:14     | Found a runed translucent gate.
 22117 | D:14     | Found an ancient bone altar of Kikubaaqudgha.
 22128 | D:14     | Noticed a centaur warrior
 22140 | D:14     | Noticed a centaur warrior
 22190 | D:14     | Noticed a four-headed hydra
 22198 | D:14     | Killed a four-headed hydra
 22199 | D:14     | Reached skill level 16 in Stealth
 22808 | D:12     | Noticed Azrael
 22877 | D:12     | Reached XP level 13. HP: 67/67 MP: 23/23
 22988 | D:12     | Reached ****** piety under Dithmenos
 23107 | D:12     | Found a staircase to the Orcish Mines.
 23107 | D:12     | Found Yjiytaph's Armour Boutique.
 23145 | D:12     | Noticed Nessos
 23156 | D:12     | Killed Nessos
 23178 | D:12     | Noticed Maurice
 23192 | D:12     | Killed Maurice
 23992 | D:12     | Reached skill level 5 in Invocations
 24469 | D:13     | Reached skill level 17 in Stealth
 24692 | D:13     | Found a transporter.
 24967 | D:13     | Found a gate to the Vaults.
 25143 | D:13     | Noticed an ettin
 25144 | D:13     | Found a transporter.
 25144 | D:13     | Noticed Temous's ghost (journeyman HuFi)
 25175 | D:13     | Noticed a fire dragon
 25848 | D:13     | Reached skill level 18 in Stealth
 26365 | Lair:1   | Entered Level 1 of the Lair of Beasts
 26581 | Lair:1   | Found a dark tunnel.
 27861 | Lair:1   | Reached XP level 14. HP: 74/75 MP: 24/24
 28200 | Lair:2   | Found a staircase to the Snake Pit.
 28204 | Lair:2   | Reached skill level 19 in Stealth
 28682 | Lair:2   | Learned a level 5 spell: Metabolic Englaciation
 28963 | Lair:2   | Found a staircase to the Swamp.
 29380 | Lair:2   | Found a shimmering altar of Xom.
 30242 | Lair:3   | Reached skill level 20 in Stealth
 30324 | Lair:3   | Reached skill level 10 in Fighting
 30812 | Lair:4   | Found a viscous altar of Jiyva.
 30813 | Lair:4   | Found a staircase to the Slime Pits.
 31205 | Lair:4   | Reached skill level 10 in Invocations
 31752 | Lair:5   | Entered Level 5 of the Lair of Beasts
 31829 | Lair:5   | Identified a scroll of acquirement
 31830 | Lair:5   | Acquired a manual of Hexes
 32042 | Lair:5   | Reached skill level 1 in Ice Magic
 32055 | Lair:4   | Reached skill level 21 in Stealth
 32597 | Lair:4   | Found a viscous altar of Jiyva.
 32600 | Lair:4   | Found a staircase to the Slime Pits.
 33431 | Lair:5   | Reached XP level 15. HP: 80/80 MP: 22/25
 34508 | Lair:5   | Identified the +1 helmet "Igao" {rC+}
 35467 | Lair:5   | Found a corrupted altar of Lugonu.
 35467 | Lair:5   | Found a one-way gate to the infinite horrors of the Abyss.
 35749 | D:12     | Killed Azrael
 35750 | D:12     | Reached skill level 1 in Shields
 35784 | D:12     | Found a staircase to the Orcish Mines.
 35786 | D:12     | Found Yjiytaph's Armour Boutique.
 36489 | Orc:1    | Entered Level 1 of the Orcish Mines
 36509 | Orc:1    | Found Ijurphogo's Gadget Gallery.
 36672 | Orc:1    | Bought a wand of digging (4) for 184 gold pieces
 36672 | Orc:1    | Bought a wand of polymorph (4) for 61 gold pieces
 36672 | Orc:1    | Bought a wand of acid (1) for 46 gold pieces
 36672 | Orc:1    | Bought a wand of digging (7) for 323 gold pieces
 36672 | Orc:1    | Bought a wand of iceblast (8) for 211 gold pieces
 36672 | Orc:1    | Bought a wand of flame (8) for 61 gold pieces
 36845 | Orc:1    | Noticed Josephine
 36891 | Orc:1    | Killed Josephine
 36952 | Orc:1    | Found Juasuu's Antique Weapon Boutique.
 37310 | Orc:2    | Entered Level 2 of the Orcish Mines
 37728 | Orc:2    | Found a staircase to the Elven Halls.
 37833 | Orc:2    | Reached skill level 22 in Stealth
 38000 | Orc:2    | Found Zemuadub's Weapon Emporium.
 38020 | Orc:2    | Found Liycis's Antique Weapon Boutique.
 38022 | Orc:2    | Found Hysk's Antique Weapon Boutique.
 39496 | Orc:2    | Found Olelen's Distillery.
 39510 | Orc:2    | Bought a potion of haste for 140 gold pieces
 39510 | Orc:2    | Bought a potion of haste for 140 gold pieces
 39510 | Orc:2    | Bought a potion of curing for 42 gold pieces
 39510 | Orc:2    | Bought a potion of heal wounds for 70 gold pieces
 39510 | Orc:2    | Bought a potion of curing for 42 gold pieces
 39528 | Orc:2    | Bought a runed dagger for 160 gold pieces
 39605 | Orc:1    | Bought a masterwork rapier for 234 gold pieces
 39605 | Orc:1    | Identified the +4 rapier "Dragonslayer" {drain, Str+2
                  | Dex+4} (You bought it in a shop on level 1 of the Orcish
                  | Mines)
 39608 | Orc:1    | Bought a runed rapier for 182 gold pieces
 39828 | D:13     | Found a transporter.
 39889 | D:13     | Found a gate to the Vaults.
 39940 | D:13     | Found a transporter.
 40531 | D:14     | Reached XP level 16. HP: 79/85 MP: 26/26
 40610 | D:14     | Reached skill level 5 in Ice Magic
 41537 | D:15     | Entered Level 15 of the Dungeon
 41859 | D:15     | Found a portal to a secret trove of treasure.
 42041 | D:15     | Found a staircase to the Depths.
 43944 | Snake:1  | Entered Level 1 of the Snake Pit
 44757 | Snake:1  | Found Keidul's Assorted Antiques.
 44765 | Snake:1  | Bought a scroll of teleportation for 75 gold pieces
 46932 | Snake:1  | HP: 2/81 [naga sharpshooter/arrow (17)]
 47716 | Snake:2  | Learned a level 1 spell: Slow
 47722 | Snake:2  | Learned a level 5 spell: Silence
 47738 | Snake:2  | Reached skill level 15 in Hexes
 48351 | Snake:2  | Found Wyediel's Jewellery Shoppe.
 48356 | Snake:2  | Found Hayqaesem's Armour Shoppe.
 48368 | Snake:2  | Noticed Louise
 48522 | Snake:1  | Killed Louise
 48523 | Snake:1  | Reached skill level 23 in Stealth
 49010 | Snake:1  | Found Keidul's Assorted Antiques.
 49816 | Snake:2  | You fall into a shaft and drop 1 floor!
 49819 | Snake:3  | Found a transporter.
 49826 | Snake:3  | Found a hazy altar of Hepliaklqana.
 50175 | Snake:2  | Reached XP level 17. HP: 72/89 MP: 19/27
 50460 | Snake:2  | Found a large runed translucent door.
 50461 | Snake:2  | Found a large runed translucent door.
 50464 | Snake:2  | Noticed Sagen's ghost (adept DrCj)
 51700 | Snake:3  | Reached skill level 5 in Shields
 52425 | Snake:3  | Found a transporter.
 52428 | Snake:3  | Found a transporter.
 52502 | Snake:3  | Found a transporter.
 52898 | Snake:3  | Reached skill level 24 in Stealth
 53016 | Snake:3  | Found a transporter.
 53175 | Snake:3  | Found a transporter.
 53202 | Snake:4  | Entered Level 4 of the Snake Pit
 53509 | Snake:4  | Learned a level 2 spell: Passwall
 53667 | Snake:4  | Noticed Bai Suzhen
 53672 | Snake:4  | Killed Bai Suzhen
 53673 | Snake:4  | Reached skill level 1 in Transmutations
 53673 | Snake:4  | Reached skill level 1 in Earth Magic
 53688 | Snake:4  | Noticed Aizul
 54365 | Snake:4  | Noticed a quicksilver dragon
 54367 | Snake:4  | Noticed a quicksilver dragon
 54970 | Snake:4  | Killed Aizul
 56701 | Snake:4  | Got a serpentine rune of Zot
 56894 | Snake:4  | Killed from afar by a nagaraja

Illustrated notes

Levels and vault maps discovered:
D:1:      minmay_arrival_split_and_join, layout_rooms, serial_forest,
          infiniplex_forest_lined_room_3, infiniplex_forest_clump_small,
          infiniplex_forest_clump_small, infiniplex_forest_pool,
          infiniplex_forest_lined_2, infiniplex_forest_clump_tiny,
          chequers_ecumenical_altar_simple_redux, minmay_tromino_v4_c
D:2:      layout_loops_ring, serial_rivers, chequers_serial_rivers_room_a,
          chequers_serial_rivers_small_a, chequers_serial_rivers_room_a,
          chequers_serial_rivers_micro_a, chequers_serial_rivers_small_3,
          grunt_ministairs_3, uniq_sigmund
D:3:      minmay_diamond_boxcup, layout_basic, kennysheep_slug_shrine,
          okawaru_altar_gauntlet_db, nicolae_overflow_two_pavilions
D:4:      layout_basic, nicolae_dithmenos_the_darkroom, uniq_duvessa
D:5:      layout_loops_ring, pdpol_wu_jian_five_deadly_venoms,
          nemelex_xobeh_ov_fountains_minmay, grunt_ministairs_9,
          amcnicky_mini_rare_corridor_liquid, uniq_crazy_yiuf_cottage
D:6:      hangedman_cross_stitches, layout_rooms, trog_hazing_becter,
          serial_shops, shop, lightli_orcish_oven
D:7:      layout_basic, minmay_temple_entry_mini_moons
D:8:      layout_loops_ring, lemuel_round_altar, mainiacjoe_overflow_catwalk,
          enter_ossuary_5, grunt_livestock, hex_large
D:9:      layout_gridville, mainiacjoe_overflow_alcove_2,
          mainiacjoe_overflow_divided_tiny, minmay_misc_feat_ornament,
          uniq_erica
D:10:     layout_rooms, lemuel_doored_altar, vehumet_statue, david_lair_generic,
          special_room [special_room_bee], uniq_sonja, uniq_harold
D:11:     kennysheep_town, uniq_fannar, uniq_psyche
D:12:     layout_gridville, orc_david_3, uniq_azrael, uniq_nessos, uniq_maurice
D:13:     layout_cave_pools, grunt_vaults_entry_tiered, gammafunk_ghost_arena,
          grunt_decor_resistance, hex_tiny
D:14:     layout_long_grid, kiku_gazebo_pond_becter,
          ploomutoo_gammafunk_ghost_potion_laboratory,
          portal_ice_cave_entry_ice_simulacra
D:15:     hangedman_depths_entry_civil_slaughter, layout_layer_cave,
          nicolae_trove_entry_isolated
Temple:   nicolae_temple_little_seven
Lair:1:   statuecave_lemuel, layout_chaotic_city,
          nicolae_volcano_entry_two_sided, wad_woods_02, grunt_megastairs_2
Lair:2:   layout_chaotic_city, nicolae_swamp_entry_splash_gauntlet,
          minmay_snake_entry_six_corridors, basic_altar, serial_rivers,
          chequers_serial_rivers_room_a, chequers_serial_rivers_large_b,
          chequers_serial_rivers_room_b, chequers_serial_rivers_micro_e
Lair:3:   layout_cave_pods
Lair:4:   layout_roguey, slime_entry_1, beast_lair_carwin_6, lemuel_fruit_tree
Lair:5:   hellmonk_lair_end_abyssal_woods, layout_cave_pods
Snake:1:  nicolae_snake_shooting_gallery, layout_layer_cave, serial_shops,
          nicolae_shop_trees
Snake:2:  layout_cave_town, ebering_ghost_disaster_area, grunt_megastairs_4,
          minmay_shop_star, uniq_louise
Snake:3:  layout_misc_corridors, basic_altar, serial_nicolae_subway,
          nicolae_sub_station_metal, nicolae_sub_station_crystal,
          nicolae_sub_station_stone, serial_bayou_shore_a, serial_bayou_shore_b
Snake:4:  hellmonk_snake_rune_quicksilver_temple, layout_cave_town, uniq_aizul,
          uniq_bai_suzhen
Orc:1:    layout_caves, serial_shops, shop_statue, nicolae_shop_gadgets,
          uniq_josephine
Orc:2:    hellmonk_orc_salted, layout_diamond_mine, elves_outpost_lemuel

Skill      XL: |  1  2  3  4  5  6  7  8  9 10 11 12 13 14 15 16 17 |
---------------+----------------------------------------------------+-----
Stealth        | 5 7 8 12 13 15 16 18 21 22 23 24 | 24.6
Short Blades   | 2 4 5 8 9 10 14 | 14.0
Spellcasting   | 4 6 |  6.0
Hexes          | 5 8 9 10 14 15 18 | 18.5
Fighting       | 1 3 4 6 7 9 10 | 10.4
Dodging        | 3 8 9 12 15 | 15.6
Invocations    | 4 7 10 11 12 | 12.0
Ice Magic      | 1 4 5 |  5.0
Shields        | 3 4 5 |  5.0
Transmutations | 4 |  4.0
Earth Magic    | 2 |  2.8

Action                     |  1- 3 |  4- 6 |  7- 9 | 10-12 | 13-15 | 16-18 || total
---------------------------+-------+-------+-------+-------+-------+-------++-------
  Melee: Dagger            |   958 |    72 |   404 |   552 |  1229 |       ||  3215
         Punch             |    23 |       |     5 |     7 |    20 |       ||    55
         Rapier            |       |       |       |       |    25 |   734 ||   759
  Throw: Dart              |       |       |     3 |     1 |    67 |     5 ||    76
         Throwing net      |       |       |     2 |       |       |       ||     2
   Cast: Ensorcelled Hiber |    22 |    52 |    57 |   134 |   184 |   179 ||   628
         Tukima's Dance    |     1 |       |    68 |    77 |   137 |   274 ||   557
         Confusing Touch   |       |     1 |    40 |    43 |   136 |    79 ||   299
         Dazzling Flash    |       |       |       |     5 |    25 |     5 ||    35
 Invoke: Shadow Step       |       |       |       |       |     8 |    14 ||    22
         Shadow Form       |       |       |       |       |       |     3 ||     3
  Evoke: Wand              |       |       |       |       |     2 |       ||     2
    Use: Potion            |     1 |       |       |     5 |     9 |    14 ||    29
         Scroll            |       |     6 |    10 |    16 |    13 |    12 ||    57
   Stab: Sleeping          |    19 |    51 |    44 |   128 |   178 |   124 ||   544
         Invisible         |     1 |     1 |       |     2 |    22 |     4 ||    30
         Confused          |       |     1 |    28 |    30 |   129 |    66 ||   254
         Held in net/web   |       |       |     3 |       |       |       ||     3
         Distracted        |       |       |     1 |     7 |     6 |    12 ||    26
 Armour: Robe              |    10 |     7 |    41 |    38 |    71 |    55 ||   222
  Dodge: Dodged            |    45 |    30 |   292 |   510 |  1088 |   823 ||  2788
  Block: Buckler           |       |       |       |       |    76 |   269 ||   345
         Reflection        |       |       |       |       |       |    12 ||    12
